Map: Cyber Forest LE

Players

Pythagoras

  • Race: Zerg Zerg
  • League: Silver
  • Spawn Location: 11:00

Throwfordays - Winner!

  • Race: Zerg Zerg
  • League: Silver
  • Spawn Location: 5:00

VOD

Have the link to the VOD?

Description

Time

  • Played on: March 20, 2019, 10:04 p.m.
  • Length: 2:29
Show
View Real Time Build Order
Export as new Build Order

Pythagoras Zerg 

Build Orders: Hatch First 

Get SALT Encoding   

  12  0:01  Drone  
  13  0:08  Drone  
  14  0:49  Hatchery  
  13  0:52  Spawning Pool  
  13  0:56  Drone  
  13  1:01  Drone  
  14  1:49  Spine Crawler  
  14  1:50  Spine Crawler  
  12  1:54  Spine Crawler  
  12  1:56  Zergling x6  
  14  2:11  Hatchery  
  13  2:25  Extractor  
Show
View Real Time Build Order
Export as new Build Order

Throwfordays Zerg - Winner!

Build Orders: Hatch First 

Get SALT Encoding   

  12  0:01  Drone  
  13  0:08  Drone  
  14  0:34  Hatchery  
  13  0:38  Drone  
  14  0:45  Overlord  
  14  1:06  Spawning Pool  
  13  1:20  Drone  
  14  1:48  Drone  
  14  1:52  Drone  
  16  1:58  Zergling x2  
Tags
 
Add a new tag
Caveats
  • Supply blocks, unpowered buildings, or Contaminate may cause inaccurate times.
  • Supply counts are checked every 10 seconds.